[Event "ESTCC 65 2019"]
[Site "Mali Losinj"]
[Date "2019.09.19"]
[Round "2.9"]
[White "Rantanen, Yrjo A."]
[Black "Quinn, John M"]
[Result "1-0"]
[ECO "B40"]
[WhiteElo "2309"]
[BlackElo "2105"]
[Annotator "RC"]
[PlyCount "103"]
[EventDate "2019.09.18"]
[EventType "team-tourn"]
[EventCountry "CRO"]
[SourceTitle "playchess.com"]
[Source "ChessBase"]
[SourceQuality "1"]
[WhiteTeam "Finland"]
[BlackTeam "England"]
[WhiteTeamCountry "FIN"]
[BlackTeamCountry "ENG"]
[TimeControl "40/5400+30:1800+30"]

1. e4 c5 2. Nf3 e6 3. c3 d5 4. e5 d4 5. Bd3 Bd7 6. O-O Bc6 7. Re1 Ne7 8. b4 cxb4 9. Nxd4 Ng6 10. Qg4 Qd5 11. Qg3 Be7 12. Be4 Qd7 13. Nxc6 Nxc6 14. cxb4 Ncxe5 15. Bb2 Bd6 16. Qb3 O-O 17. g3 Rac8 18. d3 f5 19. Bg2 Rfe8 20. Nd2 Qb5 21. d4 Nc4 22. Nxc4 Qxc4 23. Qxc4 Rxc4 24. Rxe6 Rxe6 25. Bd5 Rxb4 26. Bxe6+ Kf8 27. Bc3 Ra4 28. Bxf5 Ne7 29. Be6 b5 30. Bb3 Ra6 31. Re1 b4 32. Bb2 Rb6 33. Re3 Ng8 34. Rf3+ Nf6 35. g4 h6 36. h4 Ke8 37. g5 hxg5 38. hxg5 Nh7 39. Bc1 Be7 40. Rf5 Kd8 41. f4 Nf8 42. Rd5+ Kc7 43. f5 Bd6 44. Kf2 Nd7 45. Bd2 Rb7 46. Kf3 Kc6 47. Kg4 Nb6 48. Re5 Bxe5 49. dxe5 Rd7 50. Bf4 Rd4 51. f6 gxf6 52. exf6 1-0

[Event "ESTCC 65 2019"]
[Site "Mali Losinj"]
[Date "2019.09.19"]
[Round "2.10"]
[White "Hutchinson, Paul A"]
[Black "Westerinen, Heikki M.J."]
[Result "1/2-1/2"]
[ECO "A48"]
[WhiteElo "2124"]
[BlackElo "2296"]
[Annotator "NA"]
[PlyCount "113"]
[EventDate "2019.09.18"]
[EventType "team-tourn"]
[EventCountry "CRO"]
[SourceTitle "playchess.com"]
[Source "ChessBase"]
[SourceQuality "1"]
[WhiteTeam "England"]
[BlackTeam "Finland"]
[WhiteTeamCountry "ENG"]
[BlackTeamCountry "FIN"]
[TimeControl "40/5400+30:1800+30"]

1. d4 Nf6 2. Nf3 g6 3. Bf4 Bg7 4. e3 O-O 5. h3 d6 6. Nbd2 Nc6 7. Bh2 Re8 8. Be2 Nd7 9. c3 e5 10. Nc4 e4 11. Nfd2 b5 12. Na3 a6 13. Nc2 Qg5 14. Bg3 h5 15. Bf4 Qe7 16. g4 g5 17. Bh2 h4 18. Nxe4 Bb7 19. f3 Nb6 20. Qd3 Na5 21. O-O-O Rad8 22. Nf2 Bd5 23. b4 Bc4 24. Qd2 Bxe2 25. Qxe2 Nac4 26. e4 Na4 27. Rd3 Nab2 28. Ne3 Nxd3+ 29. Nxd3 Nxe3 30. Qxe3 Ra8 31. Kb2 a5 32. Ra1 c5 33. bxc5 dxc5 34. Nxc5 b4 35. e5 bxc3+ 36. Qxc3 Rab8+ 37. Kc2 Qc7 38. Na6 Qxc3+ 39. Kxc3 Rec8+ 40. Nc5 Bf8 41. Bg1 a4 42. Re1 a3 43. Re2 Rb1 44. Be3 Rh1 45. Bxg5 Rxh3 46. Kc4 Rh1 47. Kd5 Bxc5 48. dxc5 h3 49. Bf4 Rf1 50. e6 fxe6+ 51. Rxe6 Rxf3 52. Be5 Rf7 53. c6 Rh7 54. Rg6+ Kf7 55. Rf6+ Kg8 56. Rg6+ Kf7 57. Rf6+ 1/2-1/2

[Event "ESTCC 65 2019"]
[Site "Mali Losinj"]
[Date "2019.09.19"]
[Round "2.11"]
[White "Kivimaki, Jaakko"]
[Black "Hewson, Brian W R"]
[Result "1-0"]
[ECO "D03"]
[WhiteElo "2195"]
[BlackElo "2074"]
[Annotator "NA"]
[PlyCount "83"]
[EventDate "2019.09.18"]
[EventType "team-tourn"]
[EventCountry "CRO"]
[SourceTitle "playchess.com"]
[Source "ChessBase"]
[SourceQuality "1"]
[WhiteTeam "Finland"]
[BlackTeam "England"]
[WhiteTeamCountry "FIN"]
[BlackTeamCountry "ENG"]
[TimeControl "40/5400+30:1800+30"]

1. d4 Nf6 2. Nf3 e6 3. Bg5 c5 4. e3 Nc6 5. Nbd2 d5 6. c3 h6 7. Bh4 cxd4 8. exd4 Be7 9. h3 Nh5 10. Bxe7 Qxe7 11. Ne5 Nxe5 12. dxe5 g6 13. g4 Ng7 14. Bg2 h5 15. Nf3 Bd7 16. Qd4 b6 17. O-O hxg4 18. hxg4 Rc8 19. b3 Qc5 20. Qf4 Qe7 21. Rac1 b5 22. Ng5 Rh4 23. Nf3 Rh8 24. Rfd1 Kf8 25. Bf1 Ne8 26. Bd3 Kg7 27. Kg2 f6 28. Rh1 fxe5 29. Qxe5+ Qf6 30. Rxh8 Kxh8 31. Qh2+ Kg8 32. Ne5 Bc6 33. Bxg6 Nd6 34. Qh7+ Kf8 35. Re1 b4 36. Nxc6 Rxc6 37. Qh6+ Ke7 38. g5 Qxc3 39. Qh7+ Kd8 40. Rxe6 Qd4 41. Qe7+ Kc8 42. Bf5 1-0

[Event "ESTCC 65 2019"]
[Site "Mali Losinj"]
[Date "2019.09.19"]
[Round "2.12"]
[White "Reuben, Stewart"]
[Black "Vinke, Dietmar"]
[Result "0-1"]
[ECO "A25"]
[WhiteElo "1983"]
[BlackElo "2129"]
[Annotator "NA"]
[PlyCount "52"]
[EventDate "2019.09.18"]
[EventType "team-tourn"]
[EventCountry "CRO"]
[SourceTitle "playchess.com"]
[Source "ChessBase"]
[SourceQuality "1"]
[WhiteTeam "England"]
[BlackTeam "Finland"]
[WhiteTeamCountry "ENG"]
[BlackTeamCountry "FIN"]
[TimeControl "40/5400+30:1800+30"]

1. c4 e5 2. Nc3 Nc6 3. g3 g6 4. Bg2 Bg7 5. e3 f5 6. Nge2 Nf6 7. d4 d6 8. Bxc6+ bxc6 9. dxe5 dxe5 10. Qxd8+ Kxd8 11. b3 Ke7 12. Ba3+ Kf7 13. Rd1 h5 14. h4 Ng4 15. Na4 Bh6 16. Nec3 f4 17. gxf4 exf4 18. e4 Ne5 19. Kf1 Bg4 20. Rd4 Nf3 21. Rd3 Rhd8 22. Rxd8 Rxd8 23. Kg2 Bg7 24. Bc1 Rd3 25. Ne2 Nxh4+ 26. Rxh4 f3+ 0-1

[Event "ESTCC 65 2019"]
[Site "Mali Losinj"]
[Date "2019.09.19"]
[Round "2.13"]
[White "Beilfuss, Wilfried"]
[Black "Werner, Clemens"]
[Result "0-1"]
[ECO "A21"]
[WhiteElo "2192"]
[BlackElo "2286"]
[Annotator "NA"]
[PlyCount "60"]
[EventDate "2019.09.18"]
[EventType "team-tourn"]
[EventCountry "CRO"]
[SourceTitle "playchess.com"]
[Source "ChessBase"]
[SourceQuality "1"]
[WhiteTeam "Germany"]
[BlackTeam "Germany"]
[WhiteTeamCountry "GER"]
[BlackTeamCountry "GER"]
[TimeControl "40/5400+30:1800+30"]

1. c4 e5 2. Nc3 Bb4 3. Qb3 Ba5 4. Nf3 d6 5. d4 Nd7 6. e3 Ngf6 7. Qc2 O-O 8. Be2 Re8 9. O-O c6 10. b3 e4 11. Nd2 Qe7 12. Ba3 Nf8 13. b4 Bc7 14. b5 c5 15. Nb3 b6 16. Bb2 Ng6 17. Rfd1 Nh4 18. Bf1 d5 19. Nxd5 Nxd5 20. cxd5 Qd6 21. f4 exf3 22. g3 c4 23. Bxc4 Rxe3 24. Qf2 Nf5 25. Bc1 Re8 26. Bf4 Qb4 27. d6 Bxd6 28. Bxd6 Qxc4 29. Bf4 Qd5 30. g4 Re2 0-1

[Event "ESTCC 65 2019"]
[Site "Mali Losinj"]
[Date "2019.09.19"]
[Round "2.14"]
[White "Kierzek, Matthias"]
[Black "Becker, Norbert"]
[Result "1-0"]
[ECO "E16"]
[WhiteElo "2186"]
[BlackElo "2131"]
[Annotator "NA"]
[PlyCount "93"]
[EventDate "2019.09.18"]
[EventType "team-tourn"]
[EventCountry "CRO"]
[SourceTitle "playchess.com"]
[Source "ChessBase"]
[SourceQuality "1"]
[WhiteTeam "Germany"]
[BlackTeam "Germany"]
[WhiteTeamCountry "GER"]
[BlackTeamCountry "GER"]
[TimeControl "40/5400+30:1800+30"]

1. d4 Nf6 2. c4 e6 3. Nf3 b6 4. g3 Bb7 5. Bg2 Bb4+ 6. Bd2 Bxd2+ 7. Qxd2 O-O 8. O-O d6 9. Qf4 Nbd7 10. Nc3 Qe7 11. Rfd1 e5 12. dxe5 Nxe5 13. Nd5 Bxd5 14. cxd5 Ng6 15. Qc4 b5 16. Qc2 Rab8 17. Rac1 Rb7 18. Rd3 Nd7 19. Rc3 Nc5 20. b4 Na4 21. Re3 Qf6 22. Qc6 Rbb8 23. Qxc7 Nb6 24. Qxa7 Nxd5 25. Rb3 Nb6 26. Rbb1 h5 27. Rc6 Nc4 28. Qd4 Qf5 29. e4 Qd7 30. Ra6 Ra8 31. Rxa8 Rxa8 32. Nd2 Nge5 33. Nxc4 Nxc4 34. Bf1 Ne5 35. Qd5 Rb8 36. Rc1 h4 37. Be2 h3 38. Kf1 Rb6 39. f4 Ng4 40. Qa8+ Kh7 41. Rc8 Kg6 42. f5+ Kg5 43. Bxg4 Kxg4 44. Rc3 g5 45. Qd5 Kh5 46. g4+ Kxg4 47. Qd3 1-0

[Event "ESTCC 65 2019"]
[Site "Mali Losinj"]
[Date "2019.09.19"]
[Round "2.15"]
[White "Mueller, Gerhard"]
[Black "Herbrechtsmeier, Christof"]
[Result "1/2-1/2"]
[ECO "D01"]
[WhiteElo "2104"]
[BlackElo "2210"]
[Annotator "NA"]
[PlyCount "60"]
[EventDate "2019.09.18"]
[EventType "team-tourn"]
[EventCountry "CRO"]
[SourceTitle "playchess.com"]
[Source "ChessBase"]
[SourceQuality "1"]
[WhiteTeam "Germany"]
[BlackTeam "Germany"]
[WhiteTeamCountry "GER"]
[BlackTeamCountry "GER"]
[TimeControl "40/5400+30:1800+30"]

1. d4 Nf6 2. Nc3 d5 3. Bg5 c5 4. Bxf6 gxf6 5. e3 e6 6. Nge2 Nc6 7. g3 cxd4 8. exd4 Qb6 9. b3 Bd7 10. a3 Rc8 11. Qd2 Qa5 12. Nb1 Qc7 13. Bg2 h5 14. O-O Ne7 15. c3 h4 16. Qf4 Qb6 17. b4 f5 18. Re1 Ng6 19. Qe3 hxg3 20. hxg3 Bh6 21. f4 O-O 22. Kf2 Rfe8 23. Rh1 Kg7 24. Nd2 e5 25. Rxh6 Kxh6 26. fxe5+ Kg7 27. Bxd5 Bc6 28. Bf3 Bxf3 29. Nxf3 f6 30. Rh1 Rh8 1/2-1/2

[Event "ESTCC 65 2019"]
[Site "Mali Losinj"]
[Date "2019.09.19"]
[Round "2.16"]
[White "Kiefer, Gerhard"]
[Black "Thoele, Wolfgang"]
[Result "1-0"]
[ECO "B01"]
[WhiteElo "2227"]
[BlackElo "1865"]
[Annotator "NA"]
[PlyCount "53"]
[EventDate "2019.09.18"]
[EventType "team-tourn"]
[EventCountry "CRO"]
[SourceTitle "playchess.com"]
[Source "ChessBase"]
[SourceQuality "1"]
[WhiteTeam "Germany"]
[BlackTeam "Germany"]
[WhiteTeamCountry "GER"]
[BlackTeamCountry "GER"]
[TimeControl "40/5400+30:1800+30"]

1. e4 d5 2. exd5 Qxd5 3. Nc3 Qd8 4. d4 Nf6 5. Nf3 Bg4 6. h3 Bh5 7. g4 Bg6 8. Ne5 e6 9. Bg2 c6 10. h4 h6 11. Nxg6 fxg6 12. Qd3 Kf7 13. g5 Ng8 14. Qf3+ Ke8 15. Qe4 Kf7 16. Qf3+ Ke8 17. Bd2 Ne7 18. O-O-O h5 19. Rhe1 Qd7 20. Bh3 Nf5 21. Bxf5 gxf5 22. Qxf5 Kd8 23. Rxe6 Bb4 24. d5 Rf8 25. Qe4 c5 26. Qe5 Na6 27. Rd6 1-0

[Event "ESTCC 65 2019"]
[Site "Mali Losinj"]
[Date "2019.09.19"]
[Round "2.17"]
[White "Kolbak, Jens"]
[Black "Lofgren, Claes"]
[Result "0-1"]
[ECO "A39"]
[WhiteElo "2173"]
[BlackElo "2059"]
[Annotator "ChessBase"]
[PlyCount "138"]
[EventDate "2019.09.18"]
[EventType "team-tourn"]
[EventCountry "CRO"]
[SourceTitle "playchess.com"]
[Source "ChessBase"]
[SourceQuality "1"]
[WhiteTeam "Denmark"]
[BlackTeam "Denmark"]
[WhiteTeamCountry "DEN"]
[BlackTeamCountry "DEN"]
[TimeControl "40/5400+30:1800+30"]

1. Nf3 c5 2. c4 Nf6 3. d4 cxd4 4. Nxd4 Nc6 5. Nc3 g6 6. g3 Bg7 7. Bg2 O-O 8. O-O Nxd4 9. Qxd4 d6 10. Rb1 Bf5 11. Ra1 Ne4 12. Qe3 Nxc3 13. bxc3 Qc7 14. Bd2 a6 15. a4 Rab8 16. a5 Bf6 17. Ra4 Bc2 18. Rb4 Qxa5 19. Bxb7 Qa3 20. Rc1 a5 21. Rb6 Bb3 22. Bd5 Rxb6 23. Qxb6 e6 24. Bf3 Bxc4 25. h4 a4 26. h5 Qc5 27. Qb1 a3 28. Be3 a2 29. Qe4 Qa5 30. Qxc4 a1=Q 31. Rxa1 Qxa1+ 32. Kg2 Qxc3 33. Qa6 d5 34. h6 Qc4 35. Qb6 Rc8 36. g4 d4 37. Bd2 Qc5 38. Qb7 Rd8 39. Qe4 Bg5 40. Qd3 Bxd2 41. Qxd2 Qe5 42. Bb7 g5 43. Qc1 Qf4 44. Qxf4 gxf4 45. Kf3 e5 46. g5 f5 47. gxf6 Kf7 48. Be4 Kxf6 49. Bxh7 Rh8 50. Bd3 Rxh6 51. Ke4 Rh1 52. f3 Ke6 53. Bc4+ Kd6 54. Bd3 Rh5 55. Ba6 Kc5 56. Kd3 Rh6 57. Bc8 Rb6 58. Kd2 Rb2+ 59. Kd3 Rb3+ 60. Kd2 Re3 61. Bb7 Kd6 62. Ba8 Ke6 63. Bc6 Kf6 64. Bb5 e4 65. fxe4 Rxe4 66. Kd3 Ke5 67. Bc6 Re3+ 68. Kd2 d3 69. exd3 Kd4 0-1

[Event "ESTCC 65 2019"]
[Site "Mali Losinj"]
[Date "2019.09.19"]
[Round "2.18"]
[White "Nielsen, Jorgen Lovgren"]
[Black "Olesen, Poul Erik Norgaard"]
[Result "1-0"]
[ECO "B06"]
[WhiteElo "2052"]
[BlackElo "1996"]
[Annotator "NA"]
[PlyCount "47"]
[EventDate "2019.09.18"]
[EventType "team-tourn"]
[EventCountry "CRO"]
[SourceTitle "playchess.com"]
[Source "ChessBase"]
[SourceQuality "1"]
[WhiteTeam "Denmark"]
[BlackTeam "Denmark"]
[WhiteTeamCountry "DEN"]
[BlackTeamCountry "DEN"]
[TimeControl "40/5400+30:1800+30"]

1. e4 g6 2. d4 Bg7 3. Nf3 d6 4. Bc4 Nf6 5. Qe2 c6 6. O-O O-O 7. e5 Nd5 8. Bg5 Be6 9. Bb3 h6 10. Bd2 dxe5 11. Nxe5 Nd7 12. Nxg6 Re8 13. Ne5 a5 14. c4 Nc7 15. Nc3 Nb6 16. Be3 Ra6 17. Rad1 Qc8 18. Qh5 a4 19. Bc2 Nxc4 20. Bxh6 Nxe5 21. Bxg7 Ng6 22. Bxg6 Kxg7 23. Qh7+ Kf6 24. Ne4# 1-0

[Event "ESTCC 65 2019"]
[Site "Mali Losinj"]
[Date "2019.09.19"]
[Round "2.19"]
[White "Jorgensen, Arne Bjorn"]
[Black "Nielsen, Preben Lovgren"]
[Result "0-1"]
[ECO "A77"]
[WhiteElo "1996"]
[BlackElo "2007"]
[Annotator "NA"]
[PlyCount "36"]
[EventDate "2019.09.18"]
[EventType "team-tourn"]
[EventCountry "CRO"]
[SourceTitle "playchess.com"]
[Source "ChessBase"]
[SourceQuality "1"]
[WhiteTeam "Denmark"]
[BlackTeam "Denmark"]
[WhiteTeamCountry "DEN"]
[BlackTeamCountry "DEN"]
[TimeControl "40/5400+30:1800+30"]

1. d4 Nf6 2. Nf3 c5 3. d5 e6 4. c4 exd5 5. cxd5 d6 6. Nc3 g6 7. e4 Bg7 8. Be2 O-O 9. O-O Re8 10. Nd2 a6 11. a4 Nbd7 12. a5 b5 13. axb6 Nxb6 14. h3 Qc7 15. Re1 c4 16. Bf3 Nfd7 17. Nb5 axb5 18. Rxa8 Nxa8 0-1

[Event "ESTCC 65 2019"]
[Site "Mali Losinj"]
[Date "2019.09.19"]
[Round "2.20"]
[White "Fabrin, Morten"]
[Black "Mortensen, Steen Juul"]
[Result "1-0"]
[ECO "A36"]
[WhiteElo "1998"]
[BlackElo "1892"]
[Annotator "NA"]
[PlyCount "113"]
[EventDate "2019.09.18"]
[EventType "team-tourn"]
[EventCountry "CRO"]
[SourceTitle "playchess.com"]
[Source "ChessBase"]
[SourceQuality "1"]
[WhiteTeam "Denmark"]
[BlackTeam "Denmark"]
[WhiteTeamCountry "DEN"]
[BlackTeamCountry "DEN"]
[TimeControl "40/5400+30:1800+30"]

1. c4 c5 2. Nc3 Nc6 3. g3 g6 4. Bg2 Bg7 5. e3 e5 6. Nge2 Nge7 7. O-O O-O 8. Nd5 d6 9. Nec3 Rb8 10. Rb1 Be6 11. a3 Qd7 12. Re1 b6 13. b4 Bf5 14. d3 Bg4 15. Qc2 Rfc8 16. b5 Na5 17. Nxe7+ Qxe7 18. Nd5 Qf8 19. Bd2 Nb7 20. Bc3 Bd7 21. a4 Nd8 22. a5 Ne6 23. Ra1 Nc7 24. axb6 axb6 25. Ra7 Qd8 26. Rea1 Be6 27. Nxc7 Rxc7 28. Qa2 Bf6 29. Qb2 Qe7 30. R7a4 Re8 31. Ra6 Rb8 32. Ra8 Rcc8 33. R1a7 Qd8 34. Rxb8 Rxb8 35. f4 Bg7 36. h3 f6 37. Kh2 h5 38. Qa2 Kh7 39. Bc6 Kh6 40. e4 Qc8 41. Qg2 Qd8 42. Bd2 Kh7 43. g4 Qf8 44. Qg3 hxg4 45. hxg4 Bf7 46. Qh3+ Kg8 47. Kg2 Bh6 48. g5 fxg5 49. fxg5 Bg7 50. Ra1 Qe7 51. Rh1 Kf8 52. Rf1 Kg8 53. Rh1 Kf8 54. Qh7 Rc8 55. Rf1 Qe6 56. Kg3 Rc7 57. Bd5 1-0

[Event "ESTCC 65 2019"]
[Site "Mali Losinj"]
[Date "2019.09.19"]
[Round "2.21"]
[White "Singer, Hans"]
[Black "Carlsten, Peter"]
[Result "1/2-1/2"]
[ECO "A89"]
[WhiteElo "2184"]
[BlackElo "1986"]
[Annotator "NA"]
[PlyCount "60"]
[EventDate "2019.09.18"]
[EventType "team-tourn"]
[EventCountry "CRO"]
[SourceTitle "playchess.com"]
[Source "ChessBase"]
[SourceQuality "1"]
[WhiteTeam "Austria"]
[BlackTeam "Sweden"]
[WhiteTeamCountry "AUT"]
[BlackTeamCountry "SWE"]
[TimeControl "40/5400+30:1800+30"]

1. d4 f5 2. Nf3 Nf6 3. g3 g6 4. Bg2 Bg7 5. c4 O-O 6. Nc3 d6 7. O-O Nc6 8. d5 Na5 9. Qd3 e5 10. e4 fxe4 11. Nxe4 Nxe4 12. Qxe4 Bf5 13. Qe2 Bg4 14. Qe4 Bf5 15. Qe2 Bg4 16. Qe4 Bxf3 17. Bxf3 Nxc4 18. Bg4 Nb6 19. Be6+ Kh8 20. Be3 Nd7 21. Rac1 b6 22. b4 a5 23. a3 Ra7 24. Rc6 axb4 25. axb4 Nf6 26. Qc2 Ne8 27. h4 Bf6 28. Kg2 Ng7 29. Bg4 Nf5 30. Bxf5 gxf5 1/2-1/2

[Event "ESTCC 65 2019"]
[Site "Mali Losinj"]
[Date "2019.09.19"]
[Round "2.22"]
[White "Ahlstrom, Per"]
[Black "Woeber, Friedrich"]
[Result "1/2-1/2"]
[ECO "A26"]
[WhiteElo "1838"]
[BlackElo "2126"]
[Annotator "NA"]
[PlyCount "66"]
[EventDate "2019.09.18"]
[EventType "team-tourn"]
[EventCountry "CRO"]
[SourceTitle "playchess.com"]
[Source "ChessBase"]
[SourceQuality "1"]
[WhiteTeam "Sweden"]
[BlackTeam "Austria"]
[WhiteTeamCountry "SWE"]
[BlackTeamCountry "AUT"]
[TimeControl "40/5400+30:1800+30"]

1. Nf3 Nf6 2. g3 g6 3. Bg2 Bg7 4. O-O d6 5. c4 e5 6. Nc3 O-O 7. d3 Nc6 8. Rb1 a5 9. a3 Nd4 10. e3 Nxf3+ 11. Bxf3 c6 12. e4 Bh3 13. Re1 Nd7 14. Bg4 Bxg4 15. Qxg4 Nc5 16. Qe2 f5 17. f3 f4 18. g4 h5 19. gxh5 gxh5 20. Kh1 Kh7 21. Bd2 Rg8 22. Rg1 Bh6 23. Rxg8 Qxg8 24. Rg1 Qf7 25. Be1 Rg8 26. Rxg8 Qxg8 27. Bf2 Nd7 28. b4 axb4 29. axb4 Bg5 30. b5 Qa8 31. Qa2 Qxa2 32. Nxa2 c5 33. Nc3 Nb6 1/2-1/2

[Event "ESTCC 65 2019"]
[Site "Mali Losinj"]
[Date "2019.09.19"]
[Round "2.23"]
[White "Titz, Heimo"]
[Black "Dalling, Peter"]
[Result "1/2-1/2"]
[ECO "A21"]
[WhiteElo "1971"]
[BlackElo "1824"]
[Annotator "NA"]
[PlyCount "173"]
[EventDate "2019.09.18"]
[EventType "team-tourn"]
[EventCountry "CRO"]
[SourceTitle "playchess.com"]
[Source "ChessBase"]
[SourceQuality "1"]
[WhiteTeam "Austria"]
[BlackTeam "Sweden"]
[WhiteTeamCountry "AUT"]
[BlackTeamCountry "SWE"]
[TimeControl "40/5400+30:1800+30"]

1. c4 e5 2. Nc3 Bb4 3. Qb3 Nc6 4. e3 Nf6 5. Nge2 O-O 6. a3 Be7 7. Ng3 d6 8. Bd3 Rb8 9. Qc2 h6 10. b4 Be6 11. Bb2 Qd7 12. O-O Rfd8 13. Rfd1 Bg4 14. f3 Be6 15. Rac1 Rbc8 16. Nge4 d5 17. Nxf6+ Bxf6 18. cxd5 Bxd5 19. Nxd5 Qxd5 20. Bf5 Rb8 21. Be4 Qe6 22. Qa4 Rd6 23. Bxc6 bxc6 24. Qxa7 Rbd8 25. Bc3 Bg5 26. Re1 R8d7 27. f4 Bf6 28. fxe5 Bxe5 29. Bxe5 Qxe5 30. d4 Qe4 31. Qc5 Rg6 32. Qc2 Qg4 33. Qe2 Qe6 34. Qf3 Rf6 35. Qh3 Qe8 36. Rf1 Re6 37. Rf3 Rde7 38. Rc3 Qa8 39. Qg3 Qa4 40. Qe1 Re4 41. Qd2 R4e6 42. h3 Qa8 43. Kh2 Qd8 44. Qf2 Rg6 45. Qh4 Qd6+ 46. Qf4 Qd7 47. Rg3 Ree6 48. Rxg6 Rxg6 49. Rc5 Qe6 50. e4 Qa2 51. Qf3 Qb2 52. Rf5 Qa2 53. d5 cxd5 54. Rxd5 Rf6 55. Rf5 Ra6 56. Rd5 Rf6 57. Qe3 Rf2 58. Qg3 Re2 59. Rd8+ Kh7 60. Re8 Qc2 61. Qg4 Rf2 62. Re7 Qd2 63. e5 Rf4 64. Rd7 Qc1 65. Qg3 Rf1 66. Qd3+ g6 67. Qd2 Qa1 68. Qe3 Kg7 69. e6 Re1 70. Qd4+ Qxd4 71. Rxd4 Rxe6 72. b5 Re3 73. a4 Ra3 74. Rc4 Kf6 75. h4 h5 76. g4 hxg4 77. Rxg4 Kf5 78. Rc4 Ke6 79. Kg2 Kd6 80. Kf2 f5 81. Ke2 Kd5 82. Rxc7 Rxa4 83. Rg7 Rxh4 84. Rxg6 Rb4 85. b6 Kc5 86. Rf6 Rxb6 87. Rxf5+ 1/2-1/2

[Event "ESTCC 65 2019"]
[Site "Mali Losinj"]
[Date "2019.09.19"]
[Round "2.24"]
[White "Palsson, Bertil"]
[Black "Strobel, Ferdinand"]
[Result "1/2-1/2"]
[ECO "A80"]
[WhiteElo "1784"]
[BlackElo "1956"]
[Annotator "NA"]
[PlyCount "43"]
[EventDate "2019.09.18"]
[EventType "team-tourn"]
[EventCountry "CRO"]
[SourceTitle "playchess.com"]
[Source "ChessBase"]
[SourceQuality "1"]
[WhiteTeam "Sweden"]
[BlackTeam "Austria"]
[WhiteTeamCountry "SWE"]
[BlackTeamCountry "AUT"]
[TimeControl "40/5400+30:1800+30"]

1. d4 f5 2. e3 Nf6 3. Bd3 d5 4. f4 e6 5. Nf3 Bd6 6. O-O O-O 7. Nbd2 c5 8. c3 Nc6 9. Ne5 Bd7 10. Ndf3 Rc8 11. Bd2 Qe7 12. a3 c4 13. Bc2 b5 14. Nxc6 Bxc6 15. Ne5 a5 16. Qe1 Ne4 17. Bxe4 dxe4 18. Qe2 Bd5 19. Qe1 Bc6 20. Qe2 Bd5 21. Qe1 Bc6 22. Qe2 1/2-1/2

[Event "ESTCC 65 2019"]
[Site "Mali Losinj"]
[Date "2019.09.19"]
[Round "2.25"]
[White "Peltola, Leo"]
[Black "Grahn, Lars"]
[Result "1/2-1/2"]
[ECO "C48"]
[WhiteElo "1966"]
[BlackElo "2024"]
[Annotator "NA"]
[PlyCount "76"]
[EventDate "2019.09.18"]
[EventType "team-tourn"]
[EventCountry "CRO"]
[SourceTitle "playchess.com"]
[Source "ChessBase"]
[SourceQuality "1"]
[WhiteTeam "Finland"]
[BlackTeam "Sweden"]
[WhiteTeamCountry "FIN"]
[BlackTeamCountry "SWE"]
[TimeControl "40/5400+30:1800+30"]

1. e4 Nf6 2. Nc3 e5 3. Nf3 Nc6 4. Bb5 Bd6 5. O-O O-O 6. Re1 Re8 7. Bc4 h6 8. a3 Bf8 9. d4 exd4 10. Nxd4 Nxd4 11. Qxd4 d6 12. h3 Be6 13. Bf4 Bxc4 14. Qxc4 Nd7 15. Rad1 Nb6 16. Qd3 Qf6 17. Qg3 g5 18. Bc1 Bg7 19. Nb5 Re7 20. Qd3 a6 21. Nc3 Rae8 22. Re3 Qg6 23. b3 Be5 24. a4 c6 25. a5 Nd7 26. Ba3 Re6 27. Ne2 Nf6 28. Nd4 Bxd4 29. Qxd4 c5 30. Qd3 Nxe4 31. f3 Ng3 32. Qxg6+ fxg6 33. Red3 Nf5 34. R1d2 Kf7 35. Bb2 Rd8 36. Kf2 Ne7 37. Ba3 Nf5 38. Bxc5 Rc8 1/2-1/2

[Event "ESTCC 65 2019"]
[Site "Mali Losinj"]
[Date "2019.09.19"]
[Round "2.26"]
[White "Wademark, Helge"]
[Black "Karppinen, Martti"]
[Result "1-0"]
[ECO "C42"]
[WhiteElo "1994"]
[BlackElo "1925"]
[Annotator "NA"]
[PlyCount "79"]
[EventDate "2019.09.18"]
[EventType "team-tourn"]
[EventCountry "CRO"]
[SourceTitle "playchess.com"]
[Source "ChessBase"]
[SourceQuality "1"]
[WhiteTeam "Sweden"]
[BlackTeam "Finland"]
[WhiteTeamCountry "SWE"]
[BlackTeamCountry "FIN"]
[TimeControl "40/5400+30:1800+30"]

1. e4 e5 2. Nf3 Nf6 3. Nxe5 Nxe4 4. Qe2 d5 5. d3 Qe7 6. dxe4 Qxe5 7. exd5 Bd6 8. Nc3 Bf5 9. Be3 O-O 10. O-O-O Nd7 11. g4 Be4 12. f3 Bg6 13. f4 Qf6 14. f5 Rae8 15. Qd2 Rxe3 16. Qxe3 h6 17. Kb1 Bh7 18. Bg2 a6 19. Ne4 Qe5 20. Qd4 Re8 21. h3 Kf8 22. a3 f6 23. Qd3 Bg8 24. Rhe1 Nb6 25. c4 Na4 26. Qc2 b5 27. c5 Be7 28. d6 Bd8 29. b3 c6 30. d7 Re7 31. bxa4 bxa4 32. Qc3 Qh2 33. Qg3 Qxg3 34. Nxg3 Bb3 35. Rxe7 Kxe7 36. Rd6 Bc7 37. d8=Q+ Bxd8 38. Rxc6 Bc4 39. Ne4 Bd3+ 40. Kb2 1-0

[Event "ESTCC 65 2019"]
[Site "Mali Losinj"]
[Date "2019.09.19"]
[Round "2.27"]
[White "Patola, Eero"]
[Black "Bernhardsson, Sten"]
[Result "1/2-1/2"]
[ECO "A36"]
[WhiteElo "1798"]
[BlackElo "1956"]
[Annotator "NA"]
[PlyCount "101"]
[EventDate "2019.09.18"]
[EventType "team-tourn"]
[EventCountry "CRO"]
[SourceTitle "playchess.com"]
[Source "ChessBase"]
[SourceQuality "1"]
[WhiteTeam "Finland"]
[BlackTeam "Sweden"]
[WhiteTeamCountry "FIN"]
[BlackTeamCountry "SWE"]
[TimeControl "40/5400+30:1800+30"]

1. e4 c5 2. c4 Nc6 3. Nc3 e6 4. g3 Nf6 5. Bg2 Be7 6. Nge2 O-O 7. O-O d6 8. d3 Bd7 9. Rb1 Rb8 10. a3 a6 11. h3 b5 12. cxb5 axb5 13. g4 b4 14. axb4 Rxb4 15. Ng3 Nd4 16. f4 Bc6 17. g5 Nd7 18. h4 f5 19. exf5 Bxg2 20. Kxg2 Nxf5 21. Nxf5 Rxf5 22. Qe2 Nf8 23. Bd2 Qb8 24. Nd1 Rb3 25. Bc3 Qb7+ 26. Kh2 Rf7 27. h5 e5 28. Qg4 Rxf4 29. Rxf4 exf4 30. Qxf4 Qd5 31. Ne3 Qf7 32. Qxf7+ Kxf7 33. Rf1+ Kg8 34. Nf5 Bxg5 35. Rg1 h6 36. Bxg7 Kf7 37. Rf1 Bf6 38. Bxf6 Rxd3 39. Bc3 d5 40. Nxh6+ Ke8 41. Ng4 d4 42. Be1 Rb3 43. Rf2 c4 44. h6 c3 45. bxc3 dxc3 46. Ne3 Rb2 47. Nc2 Rb6 48. Re2+ Kf7 49. Rf2+ Ke8 50. Re2+ Kf7 51. Rf2+ 1/2-1/2

[Event "ESTCC 65 2019"]
[Site "Mali Losinj"]
[Date "2019.09.19"]
[Round "2.28"]
[White "Nordenstrom, Sven"]
[Black "Virtanen, Esko"]
[Result "1-0"]
[ECO "B01"]
[WhiteElo "1874"]
[BlackElo "1771"]
[Annotator "NA"]
[PlyCount "89"]
[EventDate "2019.09.18"]
[EventType "team-tourn"]
[EventCountry "CRO"]
[SourceTitle "playchess.com"]
[Source "ChessBase"]
[SourceQuality "1"]
[WhiteTeam "Sweden"]
[BlackTeam "Finland"]
[WhiteTeamCountry "SWE"]
[BlackTeamCountry "FIN"]
[TimeControl "40/5400+30:1800+30"]

1. e4 d5 2. exd5 Qxd5 3. Nc3 Qa5 4. d4 Bf5 5. Nf3 Nf6 6. Bd2 Nbd7 7. Be2 e6 8. O-O h6 9. h3 c6 10. Bf4 Bb4 11. Nb1 O-O 12. Bd3 Bxd3 13. Qxd3 Qb6 14. a3 Be7 15. Nbd2 Nd5 16. Bh2 N7f6 17. Nc4 Qa6 18. Nce5 Qb6 19. c4 Qa6 20. cxd5 Qxd3 21. Nxd3 Nxd5 22. Nc5 b6 23. Ne4 Rfd8 24. Rac1 Rac8 25. Ne5 c5 26. dxc5 bxc5 27. Rc2 Nb6 28. Rfc1 Rd5 29. Nc3 Rd4 30. Nf3 Rd3 31. Bf4 c4 32. Be3 Nd5 33. Nxd5 exd5 34. Bxa7 Bd6 35. Bd4 f6 36. Bc3 Bf4 37. Ra1 Bd6 38. Ne1 d4 39. Bb4 Bxb4 40. Nxd3 Bd6 41. Ne1 c3 42. bxc3 dxc3 43. a4 Bb4 44. a5 Re8 45. a6 1-0